 Dungeon Crawl Stone Soup version 0.29.1-13-g9f3cf754e1 (webtiles) character file.

Game seed: 17597605160388524502

17 Ast3rio the Shield-Bearer (level 2, -1/27 HPs)
             Began as a Minotaur Fighter on Feb 8, 2023.
             Was a Follower of Cheibriados.
             Slain by Sigmund
             ... wielding a +0 scythe
              (6 damage)
             ... on level 2 of the Dungeon.
             The game lasted 00:05:52 (903 turns).

Ast3rio the Shield-Bearer (Minotaur Fighter)         Turns: 903, Time: 00:05:52

Health: -1/27      AC:  7    Str: 20 (23) XL:     2   Next: 44%
Magic:  1/1        EV:  9    Int:  7 (8)  God:    Cheibriados [*.....]
Gold:   42         SH:  4    Dex: 10 (12) Spells: 1/1 levels left

rFire   . . .      SeeInvis .   a - +0 long sword
rCold   . . .      Faith    .   c - +0 buckler
rNeg    . . .      Spirit   .   b - +0 scale mail
rPois   .          Reflect  .   (helmet restricted)
rElec   .          Harm     .   (no cloak)
rCorr   .          Rampage  .   (no gloves)
Will    .....                   (no boots)
Stlth   ..........              (no amulet)
HPRegen 0.09/turn               (no ring)
MPRegen 0.07/turn               (no ring)

@: very slow
A: horns 2, retaliatory headbutt
a: Renounce Religion, Bend Time


You were on level 2 of the Dungeon.
You worshipped Cheibriados.
Cheibriados was aware of your devotion.
You visited 1 branch of the dungeon, and saw 2 of its levels.

You collected 42 gold pieces.

Inventory:

Hand Weapons
 a - a +0 long sword (weapon)
Armour
 b - a +0 scale mail (worn)
 c - a +0 buckler (worn)
 l - a +0 scale mail
Scrolls
 e - a scroll of blinking {unknown}
 g - a scroll of enchant armour {unknown}
 h - a scroll of teleportation {unknown}
 k - a scroll of amnesia {unknown}
Potions
 d - a potion of might
 f - a potion of degeneration
 i - a potion of haste {unknown}
 j - a potion of heal wounds {unknown}


   Skills:
 + Level 3.8 Fighting
 + Level 2.8 Long Blades
 + Level 3.9 Armour
 + Level 4.0 Shields


You had one spell level left.
You didn't know any spells.
Your spell library was empty.

Dungeon Overview and Level Annotations

Branches:
Dungeon (2/15)

Altars:
Cheibriados

Shops:
D:1 *

Annotations:
D:2 Sigmund


Innate Abilities, Weirdness & Mutations

You have a pair of horns on your head.
You reflexively headbutt those who attack you in melee.


Message History

You kill the hobgoblin!
Cheibriados appreciates the change of pace.
You see here a hobgoblin corpse.
You see here a +0 scale mail.
f - 2 murky purple potions (gained 1)
You see here a +0 scale mail.
It was a potion of degeneration.
There was something very wrong with that liquid.
You feel weakened.
You feel dopey.
You feel clumsy.
You see here a +0 scale mail.
You can't go down here!
You see here a +0 scale mail.
l - a +0 scale mail
Okay, then.
Okay, then.
Sigmund the Dreaded comes into view.
He is wielding a +0 scythe.
Sigmund shouts!
Sigmund is suddenly surrounded by pale red light.
Sigmund casts a spell at you. The puff of flame hits you.
Sigmund hits you with a +0 scythe.
You hit Sigmund.
Sigmund is lightly wounded.
Sigmund hits you with a +0 scythe.
You hit Sigmund but do no damage.
Sigmund is lightly wounded.
Sigmund hits you with a +0 scythe!
* * * LOW HITPOINT WARNING * * *
You barely miss Sigmund.
Sigmund is lightly wounded.
Sigmund barely misses you.
You closely miss Sigmund.
Sigmund is lightly wounded.
Sigmund mumbles some strange words.
Sigmund flickers and vanishes!
Deactivating autopickup; reactivate with Ctrl-A.
You miss something. You headbutt something.
Something hits you but does no damage.
You closely miss something. Something hits you.
You die...

##### #+#. #...# .....
.. #...#...... ...
#...#......
####.##...#......
##.....#...#......
..........{.......
#........@.......
#............#+#.
#...........#.# .
#...#.......#.## ##.
##..<.........# # .. #
#....##.......# ##.
#.##..#............#
..##....##...#........#
.##..#.##.....#........#


There were no monsters in sight!

Vanquished Creatures
  A ball python (D:1)
  3 endoplasms
  2 goblins (D:1)
  3 hobgoblins
  3 bats (D:1)
  3 rats
15 creatures vanquished.

Vanquished Creatures (others)
  A plant (D:1)
1 creature vanquished.

Grand Total: 16 creatures vanquished

Notes
Turn   | Place    | Note
-------+----------+-------------------------------------------
     0 | D:1      | Ast3rio the Minotaur Fighter began the quest for the Orb.
     0 | D:1      | Reached XP level 1. HP: 19/19 MP: 0/0
   269 | D:1      | Found Butoesm's Assorted Antiques.
   549 | D:1      | Found a faded altar of an unknown god.
   562 | D:1      | Prayed at the altar of an unknown god.
   562 | D:1      | Became a worshipper of Cheibriados the Contemplative
   562 | D:1      | Reached * piety under Cheibriados
   611 | D:1      | Reached XP level 2. HP: 26/27 MP: 1/1
   804 | D:2      | Reached skill level 4 in Shields
   894 | D:2      | Noticed Sigmund
   903 | D:2      | Slain by Sigmund

Illustrated notes

Levels and vault maps discovered:
D:1:      minmay_arrival_doors, layout_basic, basic_ecumenical_altar,
          serial_shops, shop, nicolae_shop_overgrown_old_shop,
          nicolae_shop_trees, dreamdust_princess_bridge
D:2:      layout_basic, basic_altar, nicolae_eternal_life, uniq_sigmund

Skill      XL: |  1  2 |
---------------+-------+-----
Shields        | 4 |  4.0
Fighting       | |  3.8
Long Blades    | |  2.8
Armour         | |  3.9

Action                   || total
-------------------------++-------
Melee: Long sword        ||    31
       Headbutt          ||     3
  Use: Potion            ||     1
Armor: Scale mail        ||    21
Dodge: Dodged            ||    19
Block: Buckler           ||    14
